 Dungeon Crawl Stone Soup version 0.24.0-1-gfbc8707122 (webtiles) character file.

Game seed: 13526529429754655700, levelgen mode: classic

793 EnegeticOcto the Sneak (level 7, -22/47 HPs)
             Began as an Octopode Air Elementalist on Oct 27, 2019.
             Was a Priest of Ru.
             Annihilated by an ogre
             ... wielding a cursed +0 giant spiked club
              (28 damage)
             ... on level 6 of the Dungeon.
             The game lasted 00:05:45 (7713 turns).

EnegeticOcto the Sneak (Octopode Air Elementalist)  Turns: 7713, Time: 00:05:46

Health: -22/47     AC:  1    Str:  8    XL:     7   Next: 88%
Magic:  10/10      EV: 15    Int: 19    God:    Ru [***...]
Gold:   257        SH:  0    Dex: 14    Spells: 7/10 levels left

rFire    x . .     SeeInvis .   m - +4 dagger
rCold    x . .     Gourm    .   (no shield)
rNeg     + . .     Faith    .   (helmet restricted)
rPois    .         Spirit   .   s - amulet of magic regeneration
rElec    .         Reflect  .   b - +2 ring of dexterity
rCorr    .         Harm     .   l - ring of positive energy
MR       .....                  (no ring)
Stlth    ++++......             (no ring)
HPRegen  0.15/turn              (no ring)
MPRegen  0.37/turn              (no ring)
                                (no ring)
                                (no ring)

@: no potions
A: almost no armour, stealthy swim, amphibious, 8 rings, constrict 8, camouflage
1, gelatinous body 1, inability to drink while threatened, temperature sensitive
a: Draw Out Power, Renounce Religion


You were on level 6 of the Dungeon.
You worshipped Ru.
Ru was most pleased with you.
You were hungry.

You visited 1 branch of the dungeon, and saw 6 of its levels.

You collected 257 gold pieces.

Inventory:

Hand Weapons
 m - a +4 dagger (weapon)
Jewellery
 b - a +2 ring of dexterity (left tentacle)
 l - a ring of positive energy (right tentacle)
 s - an amulet of magic regeneration (around mantle)
Wands
 i - a wand of paralysis (5)
 j - a wand of scattershot (2)
Scrolls
 c - a scroll of fog {unknown}
 d - a scroll of fear {unknown}
 h - 2 scrolls of teleportation {@r3 !r}
 k - a scroll of blinking {unknown}
 o - a scroll of remove curse {unknown}
 p - 3 scrolls of enchant weapon {unknown}
 q - 3 scrolls of identify {@r1}
 r - a scroll of magic mapping {unknown}
 x - a scroll of noise {unknown}
Potions
 a - a potion of berserk rage {unknown}
 f - 3 potions of mutation
 g - a potion of cancellation
 n - a potion of lignification {@q6}
 t - 3 potions of flight {unknown}
 u - a potion of brilliance {unknown}
 v - a potion of resistance {unknown}
Comestibles
 e - 10 rations


   Skills:
 + Level 3.9 Fighting
 + Level 3.9 Short Blades
 + Level 4.6 Dodging
 + Level 6.7 Stealth
 - Level 2.0 Spellcasting
 - Level 1.0 Conjurations
 - Level 3.0 Air Magic


You had 7 spell levels left.
You knew the following spells:

 Your Spells              Type           Power        Failure   Level  Hunger
a - Shock                 Conj/Air       #...         8%          1    #......
b - Swiftness             Chrm/Air       #.......     14%         2    ###....

Your spell library contained the following spells:

 Spells                   Type           Power        Failure   Level  Hunger
 Freeze                   Ice            #...         17%         1    #......
 Throw Frost              Conj/Ice       #.....       21%         2    ###....
 Static Discharge         Conj/Air       #.......     22%         3    ###....
 Airstrike                Air            ##........   43%         4    #####..
 Ozocubu's Armour         Chrm/Ice       #.......     45%         3    ###....
 Throw Icicle             Conj/Ice       #.......     80%         4    #####..
 Summon Ice Beast         Ice/Summ       #.......     86%         4    #####..
 Lightning Bolt           Conj/Air       #.........   90%         5    ######.


Dungeon Overview and Level Annotations

Branches:
Dungeon (6/15)
 Temple: D:4-7

Altars:
Hepliaklqana
Makhleb
Nemelex Xobeh
Okawaru
Ru
Xom
Yredelemnul

Shops:
D:4 (


Innate Abilities, Weirdness & Mutations

You cannot wear most types of armour.
You are very stealthy in the water. (Stealth+)
You are amphibious.
You can wear up to eight rings at the same time.
You can use your tentacles to constrict eight enemies at once.
Your skin changes colour to match your surroundings (Stealth+).
Your rubbery body absorbs attacks. (AC +1, EV +1)
You cannot drink potions while threatened.
You are sensitive to extremes of temperature. (rF-, rC-)


Message History

This raw flesh tastes terrible.
A jackal comes into view.
Found a scroll labeled XUUQEBROO ROFA.
A jackal is nearby!
A jackal comes into view.
There are monsters nearby!
There are monsters nearby!
A quokka comes into view.
The helpless jackal fails to defend itself.
You impale the jackal!!
You kill the jackal!
The helpless jackal fails to defend itself.
You skewer the jackal like a kebab!!!
You kill the jackal!
You see here a jackal corpse.
You hit the quokka. You grab the quokka.
The quokka is severely wounded.
You constrict the quokka, but do no damage.
The quokka misses you.
A quokka is nearby!
A quokka is nearby!
You barely miss the quokka.
The quokka is severely wounded.
You constrict the quokka.
You kill the quokka!
No target in view!
No target in view!
You butcher the jackal corpse.
w - 3 chunks of flesh (gained 2)
You see here a jackal skeleton. x2
x - a scroll labeled XUUQEBROO ROFA
Found a ring mail.
q - 3 scrolls of identify {@r1} (gained 1)
Found a stone staircase leading down.
p - 3 scrolls labeled LIWUM BUCEA (gained 1) Some of the chunks of flesh in your inventory have rotted away.
Found a ring mail.
No target in view!
No target in view!
No target in view!
You see here a ring mail.
t - 3 fizzy golden potions (gained 1) Eating one of 2 chunks of flesh.
You eat one of the 2 chunks of flesh.
This raw flesh tastes terrible.
Ru believes you are ready to make a new sacrifice.
Ru asks you to sacrifice your resistance to extreme temperatures.
This is an incredible sacrifice.
Piety after sacrifice: ***...
Do you really want to make this sacrifice?
You feel sensitive to extremes of temperature.
Your aura of power can now strike those that harm you.
You can now heal your body and restore your magic.
All of the chunks of flesh in your inventory have rotted away.
The jackal is too close now for your liking.
A jackal is nearby!
A jackal is nearby!
The jackal barks!
You hit the jackal.
You kill the jackal!
No target in view!
No target in view!
No target in view!
No target in view!
No target in view!
Key pressed, stopping explore.
You are feeling hungry.
Done exploring.
Done exploring.
(D) Dungeon
Where to? (Enter - D:5, ? - help)
There is a stone staircase leading down here.
You climb downwards.
There is a stone staircase leading up here.
Found 21 sling bullets.
An ogre comes into view. It is wielding a +0 giant spiked club.
An ogre is nearby!
An ogre is nearby!
The ogre shouts!
You puncture the ogre!
The ogre is moderately wounded.
You hit the ogre.
The ogre is moderately wounded.
The ogre hits you with a cursed +0 giant spiked club!!
Ouch! That really hurt!
You hit the ogre.
The ogre is heavily wounded.
The ogre hits you with a cursed +0 giant spiked club!
You feel threatened and lose the ability to drink potions!
* * * LOW HITPOINT WARNING * * *
You are too injured to fight recklessly!
An ogre is nearby!
You hit the ogre.
The ogre is heavily wounded.
You hit the ogre.
The ogre is heavily wounded.
The ogre is stunned by your will and fails to attack.
You hit the ogre.
The ogre is heavily wounded.
The ogre hits you with a cursed +0 giant spiked club!!
Ouch! That really hurt!
You die...

#######.#.#
#.....#.#.
#.....#...
#..O..#..
#.(@..#..
#.....#.#
#.....#.# .
#.....#<####....
#............#
#..............#
....##..........#
.... #..........#
.... #..........#


You could see an ogre.

Vanquished Creatures
  A sky beast (D:5)
  A phantom (D:5)
  A scorpion (D:5)
  4 orc priests
  A hound (D:5)
  An orc wizard (D:4)
  A bullfrog skeleton (D:5)
  2 iguanas
  4 worker ants
  A worker ant zombie (D:5)
  A gnoll (D:4)
  5 adders
  2 shadow imps (D:5)
  An ooze (D:4)
  2 adder skeletons
  A worm (D:3)
  2 dart slugs (D:1)
  2 leopard geckos (D:2)
  20 orcs
  2 giant cockroaches
  10 goblins
  7 hobgoblins
  7 jackals (D:5)
  4 quokkas
  3 ball pythons
  6 bats
  4 frilled lizards
  A jackal skeleton (D:5)
  4 kobolds
  12 rats
113 creatures vanquished.

Notes
Turn   | Place    | Note
-------+----------+-------------------------------------------
     0 | D:1      | EnegeticOcto the Octopode Air Elementalist began the quest
                  | for the Orb.
     0 | D:1      | Reached XP level 1. HP: 11/11 MP: 3/3
   453 | D:1      | Reached skill level 3 in Stealth
   453 | D:1      | Reached XP level 2. HP: 3/18 MP: 5/5
  1095 | D:1      | Reached skill level 1 in Short Blades
  1191 | D:1      | Reached skill level 1 in Fighting
  1199 | D:1      | Reached XP level 3. HP: 19/23 MP: 6/6
  1768 | D:2      | Learned a level 2 spell: Swiftness
  2004 | D:2      | Found a sacrificial altar of Ru.
  2103 | D:2      | Became a worshipper of Ru the Awakened
  2328 | D:2      | Found a burning altar of Makhleb.
  2473 | D:3      | Reached XP level 4. HP: 28/28 MP: 7/7
  2474 | D:3      | Found a faded altar of an unknown god.
  2603 | D:3      | Reached skill level 4 in Stealth
  2654 | D:3      | HP: 1/29 [orc priest/divine providence (12)]
  2655 | D:3      | Reached XP level 5. HP: 2/34 MP: 5/8
  3473 | D:4      | Found a hazy altar of Hepliaklqana.
  3484 | D:4      | Gained mutation: You cannot drink potions while threatened.
                  | [Ru sacrifice]
  3484 | D:4      | Reached * piety under Ru
  3688 | D:4      | Reached skill level 5 in Stealth
  3688 | D:4      | Reached XP level 6. HP: 17/41 MP: 9/9
  3689 | D:4      | HP: 2/41 [orc/+0 short sword (6)]
  4010 | D:4      | Found Vaylukic's Weapon Emporium.
  4063 | D:4      | Found a sparkling altar of Nemelex Xobeh.
  4160 | D:4      | HP: 2/41 [worker ant (7)]
  5144 | D:4      | Found an iron altar of Okawaru.
  5310 | D:4      | HP: 2/41 [gnoll/+0 spear (9)]
  5646 | D:4      | Found a shimmering altar of Xom.
  5761 | D:5      | Entered Level 5 of the Dungeon
  5855 | D:5      | Noticed a phantom
  5883 | D:5      | Killed a phantom
  5883 | D:5      | Reached XP level 7. HP: 45/46 MP: 10/10
  5976 | D:5      | Reached skill level 6 in Stealth
  7015 | D:5      | Found a basalt altar of Yredelemnul.
  7380 | D:5      | Gained mutation: You are sensitive to extremes of
                  | temperature. (rF-, rC-) [Ru sacrifice]
  7380 | D:5      | Reached ** piety under Ru
  7380 | D:5      | Reached *** piety under Ru
  7713 | D:6      | Annihilated by an ogre

Levels and vault maps discovered:
D:1:      nicolae_arrival_somewhat_less_tricky_arrival, layout_basic,
          minmay_heptomino_w4
D:2:      layout_basic, lemuel_doored_altar, nicolae_ru_sacrificial_ziggurat
D:3:      layout_loops_cross, chequers_ecumenical_altar_simple,
          item_on_display_a
D:4:      minmay_angry_zag, layout_basic, lemuel_crystal_altar,
          kennysheep_little_box, nemelex_altar_shiori, xom_butterflies,
          serial_shops, shop, minmay_door_square
D:5:      layout_layer_cave, first_ration, basic_altar
D:6:      layout_basic, temple_doors_ab, serial_shops, shop

Skill      XL: |  1  2  3  4  5  6  7 |
---------------+----------------------+-----
Stealth        | 3 4 5 6 |  6.7
Short Blades   | 1 2 3 |  3.9
Fighting       | 1 2 3 |  3.9
Dodging        | 3 4 |  4.6
Spellcasting   | |  2.0
Conjurations   | |  1.0
Air Magic      | |  3.0

Action                   |  1- 3 |  4- 6 |  7- 9 || total
-------------------------+-------+-------+-------++-------
Melee: Dagger            |    89 |   116 |    89 ||   294
       Constrict         |    24 |    24 |    16 ||    64
       Tentacles         |     9 |    25 |    12 ||    46
 Cast: Shock             |       |     3 |       ||     3
Invok: Sacrifice Drink   |       |     1 |       ||     1
       Sacrifice Resista |       |       |     1 ||     1
Evoke: Wand              |       |     5 |       ||     5
  Use: Potion            |       |     5 |       ||     5
       Scroll            |       |     5 |       ||     5
 Stab: Sleeping          |    13 |    11 |     4 ||    28
       Paralysed         |       |     2 |       ||     2
       Distracted        |       |     1 |       ||     1
  Eat: Chunk             |     5 |     7 |     5 ||    17
       Ration            |       |     1 |       ||     1
Armor: Skin              |     7 |     4 |     6 ||    17
Dodge: Dodged            |    47 |    70 |    52 ||   169
